 Dungeon Crawl Stone Soup version 0.20.2-3-g29329e0561 (webtiles) character file.

118 Alfie the Skirmisher (level 5, -10/46 HPs)
             Began as a Hill Orc Fighter on Jan 15, 2024.
             Killed by divine providence
             ... invoked by an orc priest
              (11 damage)
             ... on level 3 of the Dungeon.
             The game lasted 00:03:57 (1582 turns).

Alfie the Skirmisher (Hill Orc Fighter)             Turns: 1582, Time: 00:03:57

Health: -10/46     AC:  8    Str: 20    XL:     5   Next: 2%
Magic:  5/5        EV: 13    Int: 13    God:
Gold:   92         SH: 10    Dex: 15    Spells: 4/4 levels left

rFire    . . .     SeeInvis .   a - +0 rapier
rCold    + . .     Gourm    .   c - +0 shield
rNeg     . . .     Faith    .   b - +0 scale mail
rPois    .         Spirit   .   (no helmet)
rElec    .         Reflect  .   l - scarf {cloud immunity}
rCorr    .         Harm     .   t - +0 pair of gloves
MR       .....                  (no boots)
Stlth    +.........             (no amulet)
Regen    0.2/turn               h - ring of protection from cold
MPRegen  0.1/turn               (no ring)

@: brilliant, agile
A: mutation resistance 1
a: Convert to Beogh


You were on level 3 of the Dungeon.
You were hungry.

You visited 1 branch of the dungeon, and saw 3 of its levels.

You collected 92 gold pieces.

Inventory:

Hand Weapons
 a - a +0 rapier (weapon)
Armour
 b - a +0 scale mail (worn)
 c - a +0 shield (worn)
 k - a +0 cloak
 l - a scarf of cloud immunity (worn)
 t - a +0 pair of gloves (worn)
Jewellery
 h - a ring of protection from cold (left hand)
 q - an uncursed ring of fire {unknown}
Scrolls
 e - a scroll of enchant weapon {unknown}
 i - a scroll of magic mapping {unknown}
 j - 2 scrolls of remove curse {unknown}
 n - a scroll of recharging {unknown}
 o - a scroll of enchant armour {unknown}
Potions
 d - a potion of might
 p - a potion of degeneration {unknown}
 r - a potion of brilliance
 s - a potion of cancellation {unknown}
Comestibles
 f - a bread ration
 g - 3 meat rations
 m - 4 fruits


   Skills:
 + Level 4.2 Fighting
 + Level 3.0 Short Blades
 + Level 4.1 Armour
 + Level 1.0 Dodging
 + Level 4.1 Shields


You had 4 spell levels left.
You didn't know any spells.

Dungeon Overview and Level Annotations

Branches:
Dungeon (3/15)

Altars:
Hepliaklqana
Nemelex Xobeh
Uskayaw


Innate Abilities, Weirdness & Mutations

You are somewhat resistant to further mutation.


Message History

The orc barely misses you.
The orc priest threatens, "By the altar or by the axe, you will meet Beogh!"
You hit the orc but do no damage.
The orc is heavily wounded.
The orc hits you but does no damage.
Your shield and scale mail prevent you from hitting the orc.
The orc is heavily wounded.
You block the orc's attack.
You closely miss the orc.
The orc is heavily wounded.
The orc hits you with a flail.
* * * LOW HITPOINT WARNING * * *
You hit the orc.
You kill the orc!
The orc priest mumbles some strange prayers to Beogh against you.
Pain shoots through your body!
* * * LOW HITPOINT WARNING * * *
The orc priest calls down the wrath of Beogh upon you.
Beogh smites you!
You die...

..$.#......#####.####.##
........................
.#######.#.#####)####.##
#.#.# #.# #.# #.#.#
#.####<####.. #.#.#
#............ .######.#.#
#............
..........#####.####.####..
.........o@).(......... .
#..####...#####.####.### ##
#...# #.# #.# #...# ###.#
#.# #...#...... ...
#...#.###. #.........
#...#..... # #.........


You could see an orc priest.

Vanquished Creatures
  Terence (D:2)
  2 adders
  3 oozes
  2 worms
  2 dart slugs
  A leopard gecko (D:1)
  4 orcs (D:3)
  7 bats
  6 goblins (D:1)
  5 hobgoblins
  2 jackals (D:2)
  3 kobolds
  2 frilled lizards
  7 rats
47 creatures vanquished.

Notes
Turn   | Place    | Note
-------+----------+-------------------------------------------
     0 | D:1      | Alfie the Hill Orc Fighter began the quest for the Orb.
     0 | D:1      | Reached XP level 1. HP: 19/19 MP: 1/1
   162 | D:1      | Reached XP level 2. HP: 21/27 MP: 2/2
   469 | D:1      | Reached XP level 3. HP: 33/33 MP: 3/3
   868 | D:2      | Found a hazy altar of Hepliaklqana.
   984 | D:2      | Noticed Terence
  1004 | D:2      | Killed Terence
  1004 | D:2      | Reached XP level 4. HP: 22/40 MP: 4/4
  1069 | D:2      | Reached skill level 1 in Dodging
  1080 | D:2      | Found a hide-covered altar of Uskayaw.
  1396 | D:2      | Found a sparkling altar of Nemelex Xobeh.
  1563 | D:3      | Gained mutation: You are somewhat resistant to further mutation. [potion of mutation]
  1574 | D:3      | Reached XP level 5. HP: 17/46 MP: 5/5
  1581 | D:3      | HP: 1/46 [orc priest/nerve-wracking pain (12)]
  1582 | D:3      | Killed from afar by an orc priest

Skill      XL: |  1  2  3  4 |
---------------+-------------+-----
Fighting       | 4 |  4.2
Armour         | 4 |  4.1
Shields        | 4 |  4.1
Dodging        | 1 |  1.0
Short Blades   | 3 |  3.0

Action                   |  1- 3 |  4- 6 || total
-------------------------+-------+-------++-------
Melee: Rapier            |   112 |    76 ||   188
  Use: Potion            |       |     4 ||     4
  Eat: Fruit             |       |     2 ||     2
Armor: Scale mail        |    41 |    34 ||    75
Dodge: Dodged            |    38 |    15 ||    53
Block: Shield            |    47 |    38 ||    85
